 Dungeon Crawl Stone Soup version 0.28.0 (console) character file.

Game seed: 5066058235249073348

8 Cab the Skirmisher (level 2, 0/24 HPs)
             Began as a Demonspawn Fighter on Feb 5, 2022.
             Slain by an adder (3 damage)
             ... on level 2 of the Dungeon.
             The game lasted 00:00:39 (345 turns).

Cab the Skirmisher (Demonspawn Fighter)              Turns: 345, Time: 00:00:40

Health: 0/24       AC:  6    Str: 16    XL:     2   Next: 0%
Magic:  2/2        EV:  8    Int:  9    God:
Gold:   0          SH:  4    Dex: 12    Spells: 1/1 levels left

rFire   . . .      SeeInvis .   a - +0 war axe
rCold   . . .      Faith    .   c - +0 buckler
rNeg    . . .      Spirit   .   b - +0 scale mail
rPois   .          Reflect  .   (no helmet)
rElec   .          Harm     .   (no cloak)
rCorr   .          Rampage  .   (no gloves)
Will    .....                   (no boots)
Stlth   ..........              (no amulet)
HPRegen 0.08/turn               (no ring)
MPRegen 0.08/turn               (no ring)

@: lethally poisoned (0 -> -2)
A: demonic guardian 1
a: no special abilities


You were on level 2 of the Dungeon.
You visited 1 branch of the dungeon, and saw 2 of its levels.

Inventory:

Hand Weapons
 a - a +0 war axe (weapon)
Armour
 b - a +0 scale mail (worn)
 c - a +0 buckler (worn)
Potions
 d - a potion of might
 e - a potion of flight {unknown}


   Skills:
 - Level 3.0 Fighting
 + Level 2.5 Axes
 - Level 2.6 Armour
 - Level 2.6 Shields


You had one spell level left.
You didn't know any spells.
Your spell library was empty.

Dungeon Overview and Level Annotations

Branches:
Dungeon (1/15)

Altars:


Innate Abilities, Weirdness & Mutations

A weak demonic guardian rushes to your aid.


Message History

The kobold throws a stone.
The stone barely misses you.
The kobold throws a stone.
You block the stone. The kobold barely misses you.
You hit the kobold.
You kill the kobold!
You have reached level 2!
Your demonic ancestry asserts itself...
You feel the presence of a demonic guardian.
Things that are here:
a +0 dagger; 2 stones
Found a stone staircase leading down.
An adder comes into view.
The adder hisses angrily.
There is a stone staircase leading down here.
You closely miss the adder. You block the adder's attack. The adder bites you.
You closely miss the adder. You block the adder's attack. The adder bites you.
You hit the adder.
The adder is lightly wounded.
The adder bites you but does no damage. x2
You miss the adder.
The adder is lightly wounded.
The adder bites you.
You are poisoned.
The adder poisons you!
You closely miss the adder.
The adder is lightly wounded.
You feel sick. The adder bites you.
You are more poisoned.
The adder poisons you! You block the adder's attack.
You miss the adder.
The adder is lightly wounded.
You feel sick. You block the adder's attack. The adder bites you.
You barely miss the adder.
The adder is lightly wounded.
You feel sick. The adder bites you. x2
You closely miss the adder.
The adder is lightly wounded.
* * * LOW HITPOINT WARNING * * *
You feel sick. The adder barely misses you. The adder bites you.
You die...

▒▒▒▒▒▒∙▒▒▒∙▒ ∙▒
▒∙▒ ▒∙∙ ∙▒ ▒∙▒
▒▒▒ ▒▒ ▒∙▒
▒▒▒▒▒▒∙▒▒
▒∙∙∙∙∙∙∙∙▒
▒∙▒▒▒▒▒∙∙▒
▒▒▒▒▒∙>▒▒▒▒▒▒∙▒▒


∙∙∙∙∙∙∙∙∙@S∙∙∙∙∙∙ ∙▒▒▒▒∙∙∙▒▒▒▒▒▒∙∙∙ ∙∙∙∙∙∙∙∙ ▒▒∙∙∙∙∙▒ ▒∙▒▒∙▒▒ ∙∙∙ ∙∙ ▒▒ ∙∙∙ ▒∙■
You could see an adder.

Vanquished Creatures
  3 endoplasms
  A hobgoblin (D:1)
  A ball python (D:1)
  2 kobolds
  A rat (D:1)
8 creatures vanquished.

Notes
Turn   | Place    | Note
-------+----------+-------------------------------------------
     0 | D:1      | Cab the Demonspawn Fighter began the quest for the Orb.
     0 | D:1      | Reached XP level 1. HP: 18/18 MP: 1/1
   314 | D:1      | You fall into a shaft and drop 1 floor!
   327 | D:2      | Gained mutation: A weak demonic guardian rushes to your
                  | aid. [demonic ancestry]
   327 | D:2      | Reached XP level 2. HP: 24/24 MP: 2/2
   345 | D:2      | Slain by an adder

Illustrated notes

Levels and vault maps discovered:
D:1:      eino_arrival_cavern_b, layout_rooms,
          hellmonk_ecumenical_altar_lost_god
D:2:      layout_loops_corners, solitary_fountain, minmay_joined_circles,
          uniq_terence

Skill      XL: |  1 |
---------------+----+-----
Axes           | 2 |  2.5
Fighting       | |  3.0
Armour         | |  2.6
Shields        | |  2.6

Action                   || total
-------------------------++-------
Melee: War axe           ||    22
Armor: Scale mail        ||    14
Dodge: Dodged            ||     6
Block: Buckler           ||    11
